 Dungeon Crawl Stone Soup version 0.28.0 (webtiles) character file.

Game seed: 6477884719484441661

44 GrayStillPlays the Conjurer (level 3, -1/21 HPs)
             Began as an Octopode Conjurer on Feb 11, 2022.
             Slain by a hobgoblin (3 damage)
             ... led by Robin
             ... on level 1 of the Dungeon.
             The game lasted 00:03:57 (2101 turns).

GrayStillPlays the Conjurer (Octopode Conjurer)     Turns: 2101, Time: 00:03:57

Health: -1/21      AC:  1    Str:  6    XL:     3   Next: 60%
Magic:  6/6        EV: 14    Int: 22    God:
Gold:   38         SH:  0    Dex: 16    Spells: 3/6 levels left

rFire   . . .      SeeInvis .   e - +0 mace {mace}
rCold   . . .      Faith    .   (no shield)
rNeg    . . .      Spirit   .   (helmet restricted)
rPois   .          Reflect  .   (no amulet)
rElec   .          Harm     .   n - +6 ring of dexterity
rCorr   .          Rampage  .   (no ring)
Will    .....                   (no ring)
Stlth   ++++......              (no ring)
HPRegen 0.07/turn               (no ring)
MPRegen 0.10/turn               (no ring)
                                (no ring)
                                (no ring)

@: no status effects
A: almost no armour, amphibious, 8 rings, camouflage 1, gelatinous body 1,
(nimble swimmer 1), tentacles
a: no special abilities


You were on level 1 of the Dungeon.
You visited 1 branch of the dungeon, and saw 3 of its levels.

You collected 38 gold pieces.


Innate Abilities, Weirdness & Mutations

You cannot wear most types of armour.
You are amphibious.
You can wear up to eight rings at the same time.
Your skin changes colour to match your surroundings (Stealth+).
Your rubbery body absorbs attacks. (AC +1, EV +1)
((You are camouflaged when in or above water. (Stealth+)))
You have tentacles for arms and can constrict up to eight enemies at once.


   Skills:
 + Level 2.6 Dodging
 + Level 3.5 Stealth
 + Level 2.4 Spellcasting
 + Level 4.3 Conjurations


You had 3 spell levels left.
You knew the following spells:

 Your Spells              Type           Power      Damage    Failure   Level
a - Magic Dart            Conj           84%        1d7       2%          1
b - Searing Ray           Conj           42%        2d6       3%          2

Your spell library contained the following spells:

 Spells                   Type           Power      Damage    Failure   Level
 Dazzling Flash           Conj/Hex       24%        N/A       16%         3
 Ozocubu's Armour         Ice            2%         N/A       36%         3
 Fulminant Prism          Conj/Hex       6%         3d7       47%         4
 Iskenderun's Mystic Bla  Conj/Tloc      12%        2d5       47%         4
 Ozocubu's Refrigeration  Ice            1%         4d5       100%        7

Inventory:

Hand Weapons
 a - a +0 dagger {short}
   (You found it on level 1 of the Dungeon)
 e - a +0 mace (weapon) {mace}
   (You found it on level 1 of the Dungeon)
Missiles
 c - 3 datura-tipped darts {throwing}
 g - 30 sling bullets
 i - 15 arrows
 k - 6 poisoned darts {throwing}
 o - 10 bolts
 p - 42 stones {throwing}
Jewellery
 n - a +6 ring of dexterity (left tentacle)
   (You found it on level 2 of the Dungeon)
Scrolls
 b - 2 scrolls of teleportation {unknown}
 d - a scroll of torment {unknown}
 h - a scroll of blinking {unknown}
 j - a scroll of holy word {unknown}
 l - a scroll of enchant weapon {unknown}
 m - a scroll of identify {unknown}
Potions
 f - a potion of haste {unknown}

Dungeon Overview and Level Annotations

Branches:
Dungeon (3/15)

Altars:
Elyvilon
Makhleb

Annotations:
D:2 exclusion: ogre, Robin

#...#.#.##.............#
#............#########.#
#.....#.#..............# ####
#.>...#.#.###.##.##########...
#.##..#.......................
#.##..###..##.##.##########...
#.##..# #..#.....# ####.....
#.##..####.####### #........
#...........)@g# #.....#..
#####......###g###########.#..
#......# #.#.......###.#..
#......# #.#.#####...#.#..
######## #.#.#####...#.#..
#.#.##......#.#..
##'#.##.##.....#..
#.>..#.........#..
#....#..#......#..


You could see a hobgoblin and a goblin.


Message History

😎 MP[+1]
Your mp is fully restored (6).
The magic dart hits the giant cockroach. 😎 MP[-1]
You lost 1 mp, and now have 5/6 mp.
The magic dart hits the giant cockroach.
You kill the giant cockroach! 😎 MP[-1]
You lost 1 mp, and now have 4/6 mp.
A rat comes into view. 😎 MP[+2]
Your mp is fully restored (6).
The magic dart hits the rat. 😎 MP[-1]
You lost 1 mp, and now have 5/6 mp.
The magic dart hits the rat.
You kill the rat! 😎 MP[-1]
You lost 1 mp, and now have 4/6 mp.
You see here a rat corpse.
You see here a rat corpse.
A ball python comes into view. 😎 MP[+2]
Your mp is fully restored (6).
The magic dart hits the ball python.
The ball python hisses angrily.
The ball python closely misses you. The ball python misses you. 😎 MP[-1]
You lost 1 mp, and now have 5/6 mp.
The magic dart hits the ball python.
You kill the ball python! 😎 MP[-1]
You lost 1 mp, and now have 4/6 mp.
Found a stone staircase leading up. 😎 MP[+2]
Your mp is fully restored (6).
b - 2 scrolls labelled ITZUEWN EJODU (gained 1)
A goblin and a hobgoblin come into view.
The magic dart hits the hobgoblin.
The hobgoblin shouts!
The goblin shouts!
You hear a shout!
A hobgoblin comes into view. 😎 MP[-1]
You lost 1 mp, and now have 5/6 mp.
The magic dart hits the hobgoblin.
The hobgoblin shouts!
You hear a shout! x3
A goblin comes into view. It is wielding a +0 club. 😎 MP[-1]
You lost 1 mp, and now have 4/6 mp.
The magic dart hits the hobgoblin.
You kill the hobgoblin!
Robin of the Strong Arm comes into view.
They are wielding a +0 club. 😎 MP[-1]
You lost 1 mp, and now have 3/6 mp.
There is a stone staircase leading up here.
The goblin hits you with a +0 club.
You climb upwards.
There is a stone staircase leading down here. 😕 HP[-4]
You take 4 damage, and now have 17/21 hp.
You start resting. 😕 HP[+2] MP[+3]
You regained 2 hp, and now have 19/21 hp.
Your mp is fully restored (6).
You start resting. 😎 HP[+2]
Your hp is fully restored (21).
Memorise Searing Ray, consuming 2 spell levels and leaving 3?
You start memorising the spell.
You continue memorising. x2
You finish memorising.
Spell assigned to 'b'.
You climb downwards.
Level annotation: exclusion: ogre, Robin The goblin hits you with a +0 club.
The hobgoblin barely misses you. The goblin hits you with a +0 club.
The goblin closely misses you.
There is a stone staircase leading up here. 😮 HP[-6]
You take 6 damage, and now have 15/21 hp.
MASSIVE DAMAGE!! (PAUSE)
The hobgoblin hits you. The goblin hits you with a +0 club.
* * * LOW HITPOINT WARNING * * *
The goblin misses you.
You climb upwards.
There is a stone staircase leading down here. 😨 HP[-5]
You take 5 damage, and now have 10/21 hp.
MASSIVE DAMAGE!! (PAUSE)
You closely miss the goblin. You grab the goblin. You constrict the goblin.
The hobgoblin barely misses you. The goblin closely misses you.
The goblin hits you with a +0 club.
* * * LOW HITPOINT WARNING * * *
The hobgoblin hits you.
* * * LOW HITPOINT WARNING * * *
😱 HP[-5]
You take 5 damage, and now have 5/21 hp.
MASSIVE DAMAGE!! (PAUSE)
You barely miss the goblin. You squeeze the goblin.
You kill the goblin!
The goblin hits you with a +0 club.
* * * LOW HITPOINT WARNING * * *
The hobgoblin hits you.
You die...

Skill      XL: |  1 |
---------------+----+-----
Stealth        | 3 |  3.5
Dodging        | |  2.6
Spellcasting   | |  2.4
Conjurations   | |  4.3

Action                   || total
-------------------------++-------
Melee: Unarmed           ||     2
       Mace              ||    17
       Constrict         ||     4
       Tentacles         ||     4
 Cast: Magic Dart        ||    63
Armor: Skin              ||     3
Dodge: Dodged            ||    24

Levels and vault maps discovered:
D:1:      amcnicky_arrival_single_pillar, layout_basic
D:2:      layout_rooms, serial_shops, shop, minmay_bisected, uniq_robin
D:3:      layout_rooms, nicolae_vehumet_altar_sigil, minitemple,
          dreamdust_ecumenical_altar_drowned_temple, serial_shops,
          nicolae_shop_temple_entry_statues_fountains, lemuel_old_faithful

Notes
Turn   | Place    | Note
-------+----------+-------------------------------------------
     0 | D:1      | GrayStillPlays the Octopode Conjurer began the quest for
                  | the Orb.
     0 | D:1      | Reached XP level 1. HP: 11/11 MP: 3/3
     0 | D:1      | magus.rc [v1.9.6]
   377 | D:1      | Reached skill level 3 in Stealth
   377 | D:1      | Reached XP level 2. HP: 17/17 MP: 1/5
  1131 | D:1      | You add the spells Ozocubu's Armour and Ozocubu's
                  | Refrigeration to your library.
  1381 | D:2      | Reached XP level 3. HP: 21/21 MP: 3/6
  1414 | D:2      | Noticed an ogre
  1537 | D:2      | You fall into a shaft and drop 1 floor!
  1637 | D:3      | Found a burning altar of Makhleb.
  1638 | D:3      | Found a white marble altar of Elyvilon.
  1681 | D:3      | Found a faded altar of an unknown god.
  1702 | D:3      | Noticed a necrophage
  2043 | D:2      | Noticed Robin
  2096 | D:1      | Learned a level 2 spell: Searing Ray
  2100 | D:1      | HP: 5/21 [hobgoblin[Robin] (4)]
  2101 | D:1      | HP: 2/21 [goblin[Robin] (3)]
  2101 | D:1      | Slain by a hobgoblin

Vanquished Creatures
  A dart slug (D:3)
  An orc (D:2)
  4 ball pythons
  4 bats
  5 endoplasms
  2 giant cockroaches (D:2)
  4 goblins
  4 hobgoblins
  2 jackals (D:1)
  A kobold (D:3)
  3 quokkas (D:1)
  5 rats
  A spectral goblin (D:3)
37 creatures vanquished.

Table legend:
 A = Non-vault XP
 B = Vault XP
 C = Vault XP percentage of total XP
 D = Non-vault monster count
 E = Vault monster count
 F = Vault count percentage of total count
                 A         B        C        D         E       F
            +---------+---------+-------+---------+---------+-------
      Total |      62 |       3 |   4.6 |      35 |       2 |   5.4
            +---------+---------+-------+---------+---------+-------
        D:1 |      30 |       2 |   6.2 |      16 |       1 |   5.9
        D:2 |      21 |       0 |   0.0 |      13 |       0 |   0.0
        D:3 |      11 |       1 |   8.3 |       6 |       1 |  14.3
            +---------+---------+-------+---------+---------+-------

Illustrated notes

Table legend:
 A = Kills in this place as a percentage of kills in entire the game.
 B = Kills by you in this place as a percentage of kills by you in the entire game.
 C = Kills by friends in this place as a percentage of kills by friends in the entire game.
 D = Other kills in this place as a percentage of other kills in the entire game.
 E = Experience gained in this place as a percentage of experience gained in the entire game.
 F = Experience gained in this place divided by the number of levels of this place that you have seen.
                   A       B       C       D       E      F
               +-------+-------+-------+-------+-------+----------------------
         Total | 100.0 | 100.0 |   N/A |   N/A | 100.0 |  21.7
       Dungeon | 100.0 | 100.0 |   N/A |   N/A | 100.0 |  21.7
               +-------+-------+-------+-------+-------+----------------------

Table legend: (Time is in decaauts)
 A = Elapsed time spent in this place.
 B = Non-inter-level travel time spent in this place.
 C = Inter-level travel time spent in this place.
 D = Time resting spent in this place.
 E = Time spent auto-exploring this place.
 F = Levels seen in this place.
 G = Mean time per level.
                   A        B        C        D        E       F      G
               +--------+--------+--------+--------+--------+-----+--------+
         Total |   2108 |   2044 |     64 |    200 |   1555 |   3 |  702.7 |
       Dungeon |   2108 |   2044 |     64 |    200 |   1555 |   3 |  702.7 |
               +--------+--------+--------+--------+--------+-----+--------+

Top non-repeatable levels by time:
     D:1: 1397 daAuts
     D:2: 539 daAuts
     D:3: 171 daAuts
